cohdb
Replays
Latest Replays
All Replays
Popular Replays
Top Player Replays
Match Explorer
How It Works
Community
CoH3 Stats
Reddit
Sign in to upload your games and track your stats! →
Sign in with Steam
Match 21603730
Unlisted
Match 21603730
Overview
Messages
Build Orders
End
Kettenkrad Recon Vehicle
Construct Infanterie Kompanie
Selects Breakthrough Battlegroup
Selects Assault Grenadiers
Grenadier Squad
MG 42 Machine Gun Team
Grenadier Squad
Grenadier Squad
Medical Station
Construct Panzergrenadier Kompanie
Pak 40 Anti-tank Gun Team
Construct Luftwaffe Kompanie
Panzergrenadier Squad
Selects Breakthrough
Selects Rapid Production
Selects Blitzkrieg
Panzergrenadier Squad
Panzergrenadier Officer Quarters
Support Elements
Nebelwerfer 42 Rocket Launcher Team
Wirbelwind Flakpanzer
Flak 30 Anti-aircraft Gun Team
Selects Panzer IV Command Tank Sd.Kfz. 161/1
Selects Mechanized Assault Group
Wirbelwind Flakpanzer
Sof Ya Nos
pfleming
0
0
Comments
sign in to comment!
No comments posted yet!